 Dungeon Crawl Stone Soup version 0.22-a0-48-g8770677 (webtiles) character file.

98 KristoblXynda the Slasher (level 4, -3/39 HPs)
             Began as a Naga Gladiator on Jan 7, 2018.
             Slain by an orc
             ... wielding a +0 flail
              (4 damage)
             ... on level 3 of the Dungeon.
             The game lasted 00:04:17 (1986 turns).

KristoblXynda the Slasher (Naga Gladiator)          Turns: 1986, Time: 00:04:18

Health: -3/39      AC:  4    Str: 17    XL:     4   Next: 69%
Magic:  4/4        EV:  9    Int:  9    God:
Gold:   73         SH:  0    Dex: 12    Spells: 3/3 levels left

rFire    . . .     SeeInvis +   a - +0 long sword
rCold    + . .     Gourm    .   (no shield)
rNeg     . . .     Faith    .   l - +0 ring mail {rC+}
rPois    +         Spirit   .   c - +0 helmet
rElec    .         Reflect  .   (no cloak)
rCorr    .         Harm     .   (no gloves)
MR       .....                  (no barding)
Stlth    +.........             (no amulet)
HPRegen  0.13/turn              g - ring of wizardry
MPRegen  0.09/turn              k - ring of poison resistance

@: short of breath, very slow
A: large, see invisible, deformed body, poison resistance, slowness 2, slow
metabolism 1, spit poison 1, AC +1
a: Spit Poison


You were on level 3 of the Dungeon.
You were not hungry.

You visited 1 branch of the dungeon, and saw 3 of its levels.

You collected 73 gold pieces.

Inventory:

Hand Weapons
 a - a +0 long sword (weapon)
Missiles
 d - 3 throwing nets (quivered)
Armour
 c - a +0 helmet (worn)
 l - a +0 ring mail of cold resistance (worn)
Jewellery
 g - a ring of wizardry (left hand)
 k - a ring of poison resistance (right hand)
Scrolls
 b - a scroll of enchant weapon {unknown}
 h - a scroll of enchant armour {unknown}
 i - 2 scrolls of teleportation {unknown}
 m - a scroll of magic mapping {unknown}
 o - a scroll of immolation {unknown}
 p - a scroll of identify
Potions
 e - a potion of haste
 j - 2 potions of flight
 n - a potion of magic
Comestibles
 f - 2 rations


   Skills:
 - Level 2.0 Fighting
 + Level 3.8 Long Blades
 + Level 2.7 Throwing
 + Level 0.4 Armour
 + Level 3.1 Dodging


You had 3 spell levels left.
You didn't know any spells.

Dungeon Overview and Level Annotations

Branches:
Dungeon (3/15)

Altars:


Innate Abilities, Weirdness & Mutations

You cannot wear boots.
Your serpentine skin is tough. (AC +1)
You have supernaturally acute eyesight. (SInv)
Armour fits poorly on your strangely shaped body.
Your system is resistant to poisons. (rPois)
You cover ground very slowly.
You have a slow metabolism.
You can spit poison.


Message History

Your ring mail prevents you from hitting the orc.
The orc is heavily wounded.
The orc barely misses you.
You riposte.
You barely miss the orc.
The orc is almost dead.
The orc hits you.
* * * LOW HITPOINT WARNING * * *
Press: ? - help, Shift-Dir - straight line The splash of poison hits the orc.
The orc is poisoned.
You kill the orc!
You feel slightly more hungry. The orc closely misses you.
You hit the orc.
The orc is severely wounded.
The orc hits you with a flail.
* * * LOW HITPOINT WARNING * * *
The orc hits you with a flail.
* * * LOW HITPOINT WARNING * * *
You slash the orc!
You kill the orc!
The orc hits you with a flail.
You die...

#......<.######## #
#....#.#.##...>.#
...#...###..##.....#
.........#..........#
....#.....##.##.....#
#####.....##.##.....#
#........########
#.....#########
#......@)......
###.##o###..#.# #.
#K# # #. #.# [.. #.#
#.. ###


You could see an orc and a kobold.

Vanquished Creatures
  3 adders
  An ooze (D:1)
  A worm (D:2)
  5 orcs
  A ball python (D:2)
  2 giant cockroaches
  4 goblins
  9 hobgoblins
  7 jackals
  7 kobolds
  7 bats
  2 frilled lizards (D:2)
  9 rats
58 creatures vanquished.

Notes
Turn   | Place    | Note
-------+----------+-------------------------------------------
     0 | D:1      | KristoblXynda the Naga Gladiator began the quest for the Orb.
     0 | D:1      | Reached XP level 1. HP: 19/19 MP: 1/1
    69 | D:1      | Reached XP level 2. HP: 22/26 MP: 2/2
   688 | D:1      | Reached XP level 3. HP: 32/32 MP: 3/3
  1432 | D:2      | Reached XP level 4. HP: 37/39 MP: 4/4
  1985 | D:3      | HP: 1/39 [orc/flail (6)]
  1986 | D:3      | Slain by an orc

Vault maps used:
D:1:      tarquinn_simple_flora_water_f
D:2:      serial_curves, eino_curves_03, eino_curves_04, first_ration,
          kennysheep_generic_room_6

Skill      XL: |  1  2  3 |
---------------+----------+-----
Throwing       | 2 |  2.7
Dodging        | 3 |  3.1
Fighting       | |  2.0
Long Blades    | |  3.8
Armour         | |  0.4

Action                   |  1- 3 |  4- 6 || total
-------------------------+-------+-------++-------
Melee: Long sword        |    73 |    67 ||   140
 Abil: Spit Poison       |     9 |     4 ||    13
  Use: Scroll            |       |     3 ||     3
  Eat: Chunk             |     1 |     1 ||     2
       Ration            |       |     1 ||     1
Armor: Leather armour    |    29 |       ||    29
       Ring mail         |    11 |    31 ||    42
Dodge: Dodged            |    55 |    48 ||   103
       Rpst.: Long sword |    20 |    13 ||    33

Table legend:
 A = Spawn XP
 B = Non-spawn XP
 C = Spawn XP percentage of total XP
 D = Spawn monster count
 E = Non-spawn monster count
 F = Spawn count percentage of total count
 G = Total turns spent on level
                    A         B        C        D         E        F      G
               +---------+---------+-------+---------+---------+-------+---------
         Total |       0 |     140 |   0.0 |       0 |      58 |   0.0 |  1986
               +---------+---------+-------+---------+---------+-------+---------
           D:1 |       0 |      40 |   0.0 |       0 |      22 |   0.0 |  1168
           D:2 |       0 |      61 |   0.0 |       0 |      24 |   0.0 |   713
           D:3 |       0 |      39 |   0.0 |       0 |      12 |   0.0 |   105
               +---------+---------+-------+---------+---------+-------+---------
